 Dungeon Crawl Stone Soup version 0.31-a0-198-g2ad674f65e (webtiles) character file.

Game seed: 4899794614797888515

443 qw the Skirmisher (level 6, -2/35 HPs)
             Began as a Deep Elf Hunter on June 25, 2023.
             Slain by a black bear (5 damage)
             ... on level 4 of the Dungeon.
             The game lasted 00:01:15 (2515 turns).

qw the Skirmisher (Deep Elf Hunter)                 Turns: 2515, Time: 00:01:16

Health: -2/35      AC:  5    Str:  8    XL:     6   Next: 71%
Magic:  8/8        EV: 11    Int: 14    God:
Gold:   196        SH:  0    Dex: 18    Spells: 5/5 levels left

rFire   . . .        Y - +0 shortbow (drain)
rCold   . . .        (shield currently unavailable)
rNeg    . . .        d - +0 ring mail
rPois   .            (no helmet)
rElec   .            (no cloak)
rCorr   .            (no gloves)
SInv    .            (no boots)
Will    +....        (no amulet)
Stlth   +            (no ring)
HPRegen 0.25/turn    (no ring)
MPRegen 0.11/turn

%: no passive effects
@: no status effects
A: strong-willed 1, weak 1
a: no special abilities


You were on level 4 of the Dungeon.
You visited 1 branch of the dungeon, and saw 4 of its levels.

You collected 196 gold pieces.


Innate Abilities, Weirdness & Mutations

You are strong-willed. (Will+)
You are weak. (Str -2)


   Skills:
 - Level 2.1 Fighting
 + Level 10.1 Ranged Weapons
 - Level 3.1 Dodging
 - Level 1.2 Stealth


You had 5 spell levels left.
You didn't know any spells.
Your spell library was empty.

Inventory:

Hand Weapons
 Y - a +0 shortbow of draining (weapon)
Armour
 d - a +0 ring mail (worn)
 h - a +1 leather armour of poison resistance
Jewellery
 l - an amulet of faith
 n - a ring of positive energy
Scrolls
 a - a scroll of teleportation {unknown}
 b - 2 scrolls of identify
 j - a scroll of torment {unknown}
 m - 2 scrolls of poison {unknown}
Potions
 c - a potion of haste
 e - a potion of might
 f - a potion of heal wounds {unknown}
 g - a potion of cancellation {unknown}
 i - a potion of resistance
 k - a potion of invisibility {unknown}

Dungeon Overview and Level Annotations

Branches:
Dungeon (4/15)
 Temple: D:4-7

Altars:
Cheibriados


Message History

You see here 5 stones.
n - a ring of positive energy
Enter note:
Enter note: An orc priest comes into view.
It is wielding a +0 hand axe.
Enter note:
Enter note:
Enter note: You shoot an arrow.
The arrow hits the orc priest.
You drain the orc priest.
The orc priest shouts!
The orc priest is severely wounded.
You hear an angry growl.
A black bear comes into view.
The orc priest hits you but does no damage.
You shoot an arrow.
The arrow closely misses the orc priest.
The orc priest invokes the aid of Beogh against you.
Beogh smites you!
You shoot an arrow. The arrow barely misses the orc priest.
The orc priest mumbles some strange prayers to Beogh against you.
You resist with some effort.
You shoot an arrow. The arrow barely misses the orc priest.
The orc priest mumbles some strange prayers to Beogh against you.
You resist with some effort.
You shoot an arrow. The arrow barely misses the orc priest.
The orc priest invokes the aid of Beogh against you.
Pain shoots through your body!
You shoot an arrow.
The arrow closely misses the orc priest.
The orc priest mumbles some strange prayers to Beogh against you.
Beogh smites you!
A scorpion comes into view.
You shoot an arrow.
The arrow closely misses the orc priest.
The orc priest completely misses you.
You shoot an arrow.
The arrow hits the orc priest but does no damage.
The orc priest is severely wounded.
The orc priest closely misses you. The black bear bites you.
You die...

.......#####...#..##...###..
.......##.....###..#...#..
.......#.....##.##.....#.#####
.......#..####.#.##....#......
.......+.. ##.#.#.##.......#
.......#. ##.#.#.#.###.#...####.
.........##.#.###.#.##..........
...#######.#.##o##.#.##...#####.#
##.#.##.#@##.#.##..>......
##.#.##.#.#h##.#.##...###.#
#.#.##.#.#.#.##.#.##..#
#.##.#..##.#.##.#.##.#
#.#.##.#..##.#.##.#.#.#####
##.#.##.#(.##.#s##.#.......
##.#.##.!#.##.#.##....####
##.#.##[.#.##.#.##...#
##.#.##%.#.##. ##..#


You could see a black bear, a scorpion and an orc priest (very drained).

Vanquished Creatures
  Sigmund (D:2)
  A hound (D:4)
  An orc priest (D:4)
  2 orc wizards (D:4)
  An adder (D:4)
  5 gnolls
  A shadow imp (D:4)
  An ufetubus (D:4)
  4 worms
  12 orcs
  6 ball pythons
  8 bats
  11 endoplasms
  A giant cockroach (D:1)
  5 goblins
  6 hobgoblins
  8 kobolds
  A quokka (D:2)
  8 frilled lizards
  4 rats
87 creatures vanquished.

Notes
Turn   | Place    | Note
-------+----------+-------------------------------------------
     0 | D:1      | qw the Deep Elf Hunter began the quest for the Orb.
     0 | D:1      | Reached XP level 1. HP: 12/12 MP: 3/3
     0 | D:1      | 0 ||| qw: Version: 0.3-a-22-g0ed2b0b
     0 | D:1      | 0 ||| qw: Game counter: 4926
     0 | D:1      | 0 ||| qw: Melee chars always use a shield: true
     0 | D:1      | 0 ||| qw: God list: Okawaru
     0 | D:1      | 0 ||| qw: Allow faded altars: false
     0 | D:1      | 0 ||| qw: Do Orc after clearing Dungeon:15 true
     0 | D:1      | 0 ||| qw: Do second Lair branch before Depths: true
     0 | D:1      | 0 ||| qw: Lair rune preference: random
     0 | D:1      | 0 ||| qw: Goals: Normal
     0 | D:1      | 0 ||| PLANNING D:1-11
    65 | D:1      | Reached XP level 2. HP: 16/16 MP: 4/4
    74 | D:1      | Reached skill level 6 in Ranged Weapons
   203 | D:1      | Found a faded altar of an unknown god.
   435 | D:1      | 435 ||| READING 2 scrolls labelled MEAXAE VONACS.
   436 | D:1      | 436 ||| READING scroll labelled LESHRY ETINOSCH.
   437 | D:1      | 437 ||| READING scroll labelled GEVVEKHLYUTS.
   438 | D:1      | 438 ||| DRINKING 3 lumpy amethyst potions.
   439 | D:1      | 439 ||| DROPPING scroll of fog.
   440 | D:1      | 440 ||| DROPPING scroll of butterflies.
   441 | D:1      | 441 ||| DROPPING 2 potions of degeneration.
   478 | D:2      | Reached XP level 3. HP: 20/20 MP: 5/5
   617 | D:2      | Reached skill level 7 in Ranged Weapons
   679 | D:2      | Noticed Sigmund
   687 | D:2      | Killed Sigmund
   688 | D:2      | Reached skill level 9 in Ranged Weapons
   688 | D:2      | Reached XP level 4. HP: 20/25 MP: 6/6
   688 | D:2      | Reached XP level 5. HP: 24/29 MP: 7/7
   906 | D:2      | 906 ||| UPGRADING to +0 ring mail.
   916 | D:2      | 916 ||| DROPPING +0 leather armour.
   917 | D:2      | 917 ||| READING 2 scrolls labelled XOESTAFEIN.
  1018 | D:2      | 1018 ||| READING 2 scrolls labelled BIPHIUDIAL.
  1019 | D:2      | 1019 ||| READING scroll labelled LAINUPLAUTO.
  1020 | D:2      | 1020 ||| DRINKING 2 green potions.
  1020 | D:2      | Gained mutation: You are strong-willed. (Will+) [potion of
                  | mutation]
  1020 | D:2      | Gained mutation: You are frail. (-10% HP) [potion of
                  | mutation]
  1020 | D:2      | Gained mutation: You are clumsy. (Dex -2) [potion of
                  | mutation]
  1021 | D:2      | 1021 ||| DRINKING potion of mutation.
  1021 | D:2      | Lost mutation: You are frail. (-10% HP) [potion of
                  | mutation]
  1021 | D:2      | Lost mutation: You are clumsy. (Dex -2) [potion of
                  | mutation]
  1021 | D:2      | Gained mutation: You are occasionally teleported next to
                  | monsters. [potion of mutation]
  1021 | D:2      | Gained mutation: You are weak. (Str -2) [potion of
                  | mutation]
  1021 | D:2      | Lost mutation: You are occasionally teleported next to
                  | monsters. [potion of mutation]
  1033 | D:2      | 1033 ||| DROPPING scroll of silence.
  1069 | D:3      | 1069 ||| Stepping ~*~*~tactically~*~*~ (outnumbered).
  1082 | D:3      | 1082 ||| FLEEEEING.
  1083 | D:3      | 1083 ||| FLEEEEING.
  1084 | D:3      | 1084 ||| FLEEEEING.
  1085 | D:3      | 1085 ||| FLEEEEING.
  1086 | D:3      | 1086 ||| FLEEEEING.
  1087 | D:3      | 1087 ||| FLEEEEING.
  1088 | D:3      | 1088 ||| FLEEEEING.
  1089 | D:3      | 1089 ||| FLEEEEING.
  1090 | D:3      | 1090 ||| FLEEEEING.
  1091 | D:3      | 1091 ||| FLEEEEING.
  1092 | D:3      | 1092 ||| FLEEEEING.
  1093 | D:3      | 1093 ||| FLEEEEING.
  1094 | D:3      | 1094 ||| FLEEEEING.
  1095 | D:3      | 1095 ||| FLEEEEING.
  1096 | D:3      | 1096 ||| FLEEEEING.
  1097 | D:3      | 1097 ||| FLEEEEING.
  1098 | D:3      | 1098 ||| STAIRDANCE
  1132 | D:3      | 1132 ||| STAIRDANCE
  1255 | D:3      | Reached XP level 6. HP: 35/35 MP: 8/8
  1895 | D:3      | Found a snail-covered altar of Cheibriados.
  1922 | D:3      | 1922 ||| READING 2 scrolls labelled JOSETO QUDOM.
  1923 | D:3      | 1923 ||| READING scroll labelled VEEHE QUELYACO.
  1924 | D:3      | 1924 ||| DRINKING 2 golden potions.
  1925 | D:3      | 1925 ||| READING 5 scrolls of identify.
  1925 | D:3      | 1925 ||| IDENTIFYING grey potion
  1926 | D:3      | 1926 ||| READING 4 scrolls of identify.
  1926 | D:3      | 1926 ||| IDENTIFYING lumpy ruby potion
  1927 | D:3      | 1927 ||| READING 3 scrolls of identify.
  1927 | D:3      | 1927 ||| IDENTIFYING sedimented amethyst potion
  1928 | D:3      | 1928 ||| READING 2 scrolls of identify.
  1928 | D:3      | 1928 ||| IDENTIFYING glowing coppery potion
  1929 | D:3      | 1929 ||| DROPPING scroll of fear.
  1930 | D:3      | 1930 ||| DROPPING potion of lignification.
  1931 | D:3      | 1931 ||| DROPPING potion of brilliance.
  2059 | D:4      | Reached skill level 10 in Ranged Weapons
  2249 | D:4      | Reached skill level 3 in Dodging
  2249 | D:4      | 2249 ||| FLEEEEING.
  2250 | D:4      | 2250 ||| FLEEEEING.
  2251 | D:4      | 2251 ||| FLEEEEING.
  2252 | D:4      | 2252 ||| FLEEEEING.
  2253 | D:4      | 2253 ||| FLEEEEING.
  2254 | D:4      | 2254 ||| FLEEEEING.
  2255 | D:4      | 2255 ||| FLEEEEING.
  2256 | D:4      | 2256 ||| FLEEEEING.
  2257 | D:4      | 2257 ||| FLEEEEING.
  2258 | D:4      | 2258 ||| FLEEEEING.
  2259 | D:4      | 2259 ||| FLEEEEING.
  2260 | D:4      | 2260 ||| FLEEEEING.
  2261 | D:4      | 2261 ||| FLEEEEING.
  2262 | D:4      | 2262 ||| FLEEEEING.
  2263 | D:4      | 2263 ||| FLEEEEING.
  2264 | D:4      | 2264 ||| FLEEEEING.
  2265 | D:4      | 2265 ||| FLEEEEING.
  2266 | D:4      | 2266 ||| FLEEEEING.
  2267 | D:4      | 2267 ||| FLEEEEING.
  2268 | D:4      | 2268 ||| FLEEEEING.
  2269 | D:4      | 2269 ||| FLEEEEING.
  2270 | D:4      | 2270 ||| FLEEEEING.
  2271 | D:4      | 2271 ||| FLEEEEING.
  2272 | D:4      | 2272 ||| FLEEEEING.
  2273 | D:4      | 2273 ||| FLEEEEING.
  2274 | D:4      | 2274 ||| FLEEEEING.
  2513 | D:4      | HP: 3/35 [orc priest/divine providence (12)]
  2515 | D:4      | Slain by a black bear

Levels and vault maps discovered:
D:1:      dpeg_arrival_simpleton_b, layout_rooms,
          hellmonk_ecumenical_altar_heavens_door
D:2:      layout_rooms, hangedman_decor_slide_cut, serial_bayou_pond_b,
          uniq_sigmund
D:3:      layout_basic, mainiacjoe_overflow_boulevard
D:4:      minmay_inner_zag, layout_basic, minmay_pentangle, uniq_eustachio

Skill      XL: |  1  2  3  4  5  6 |
---------------+-------------------+-----
Ranged Weapons | 6 9 10 | 10.1
Fighting       | 2 |  2.1
Dodging        | 3 |  3.1
Stealth        | |  1.2

Action                     |  1- 3 |  4- 6 || total
---------------------------+-------+-------++-------
   Fire: Shortbow          |   127 |   129 ||   256
    Use: Scroll            |     3 |     9 ||    12
         Potion            |     1 |     3 ||     4
 Armour: Leather armour    |     6 |       ||     6
         Ring mail         |       |    14 ||    14
  Dodge: Dodged            |    17 |    29 ||    46

Table legend:
 A = Non-vault XP
 B = Vault XP
 C = Vault XP percentage of total XP
 D = Non-vault monster count
 E = Vault monster count
 F = Vault count percentage of total count
                 A         B        C        D         E       F
            +---------+---------+-------+---------+---------+-------
      Total |     308 |     326 |  51.4 |      76 |      11 |  12.6
            +---------+---------+-------+---------+---------+-------
        D:1 |      40 |       0 |   0.0 |      25 |       0 |   0.0
        D:2 |      48 |     227 |  82.5 |      18 |       2 |  10.0
        D:3 |      82 |       0 |   0.0 |      20 |       0 |   0.0
        D:4 |     138 |      99 |  41.8 |      13 |       9 |  40.9
            +---------+---------+-------+---------+---------+-------
